AoeStats
← Ockda_Nakis

Arabia

510105976Analyzed
1v1 RM · 1d ago on Sep 29, 2026· 55m 41s· 2 players
Game mode
Random Map
Map size
Tiny (2 player)
Population
200
Speed
Normal
Resources
Standard
Victory
Conquest
Starting age
Dark Age
Ending age
Imperial Age
RankedLock teamsTeams togetherTeam positionsShared explorationLock speedFull tech treeHidden civsTurbo modeCheats
Victory
Defeat
🇨🇴 Persians · Colombia
1096
+18
🇪🇸 Magyars · Spain
1136
-18
Ockda_Nakis
6:59 Loom
9:35 Feudal Age
10:04 Double-Bit Axe
15:51 Horse Collar
20:59 Castle Age
19:29 Padded Archer Armor
20:36 Fletching
21:00 Town Watch
21:37 Bodkin Arrow
22:35 Leather Archer Armor
22:22 Husbandry
23:10 Wheelbarrow
22:54 Bloodlines
25:20 Heavy Plow
28:33 Thumb Ring
30:48 Hand Cart
33:52 Scale Barding Armor
38:02 Chain Barding Armor
42:29 Imperial Age
44:34 Bracer
46:53 Plate Barding Armor
45:52 Light Cavalry
46:57 Cavalier
51:03 Chemistry
50:24 Ballistics
Reibud
4:52 Loom
10:13 Feudal Age
19:53 Castle Age
18:33 Double-Bit Axe
18:30 Horse Collar
18:52 Gold Mining
19:32 Forging
21:37 Stone Mining
22:39 Bow Saw
23:23 Wheelbarrow
23:46 Bloodlines
27:11 Hand Cart
27:39 Elite Skirmisher
32:32 Fletching
32:42 Padded Archer Armor
36:29 Leather Archer Armor
36:10 Bodkin Arrow
36:55 Masonry
37:06 Ballistics
37:33 Scale Barding Armor
42:06 Imperial Age
39:58 Town Watch
42:57 Conscription
42:38 Kamandaran
43:16 Hoardings
42:54 Town Patrol
43:16 Chain Barding Armor
43:27 Ring Archer Armor
44:17 Gold Shaft Mining
45:36 Chemistry
45:07 Architecture
45:14 Plate Barding Armor
45:14 Iron Casting
44:41 Cavalier
45:22 Husbandry
49:21 Blast Furnace
49:09 Murder Holes
50:10 Savar
50:12 Light Cavalry
Connection lost

Rejoining the realm…

Still unreachable

The connection could not be restored.

Session expired

The server has moved on; the page needs a fresh start.